 Dungeon Crawl Stone Soup version 0.32-a0-685-g93135e86f0 (webtiles) character file.

Game seed: 12083360048591268904

89 Aldia the Apothecary (level 4, -1/28 HPs)
             Began as an Octopode Alchemist on Mar 12, 2024.
             Succumbed to an orc's poison
             ... on level 2 of the Dungeon.
             The game lasted 00:04:23 (1822 turns).

Aldia the Apothecary (Octopode Alchemist)           Turns: 1822, Time: 00:04:23

Health: -1/28      AC:  5    Str:  7    XL:     4   Next: 55%
Magic:  7/7        EV: 13    Int: 19    God:
Gold:   69         SH:  0    Dex: 12    Spells: 2/8 levels left

rFire   . . .        b - +0 dagger
rCold   + . .        (no shield)
rNeg    . . .        (helmet restricted)
rPois   .            l - amulet of regeneration
rElec   .            c - +4 ring of protection
rCorr   .            n - ring of protection from cold
SInv    .            (no ring)
Will    +....        (no ring)
Stlth   +++          (no ring)
HPRegen 1.04/turn    (no ring)
MPRegen 0.10/turn    (no ring)
                     (no ring)

%: no passive effects
@: lethally poisoned (-1 -> -12), enlightened, flying
A: almost no armour, amphibious, 8 rings, camouflage 1, gelatinous body 1,
(nimble swimmer 1), tentacles
a: no special abilities


You were on level 2 of the Dungeon.
You visited 1 branch of the dungeon, and saw 3 of its levels.

You collected 69 gold pieces.

Inventory:

Hand Weapons
 b - a +0 dagger (weapon)
Jewellery
 c - a +4 ring of protection (left tentacle)
 l - an amulet of regeneration (around mantle)
 n - a ring of protection from cold (right tentacle)
Scrolls
 i - a scroll of enchant armour {unknown}
 j - a scroll of fog {unknown}
 k - a scroll of poison
 o - a scroll of summoning {unknown}
Potions
 a - a potion of magic
 d - a potion of degeneration {unknown}
 e - a potion of resistance {unknown}
 f - a potion of curing {unknown}
 g - a potion of heal wounds {unknown}
 h - a potion of might {unknown}
 m - 2 potions of enlightenment


   Skills:
 + Level 1.2 Fighting
 - Level 2.0 Dodging
 - Level 3.0 Stealth
 + Level 2.6 Spellcasting
 + Level 1.3 Conjurations
 + Level 1.3 Air Magic
 + Level 4.3 Alchemy


You had 2 spell levels left.
You knew the following spells:

 Your Spells              Type           Power      Damage    Failure   Level
a - Sting                 Conj/Alch      52%        1d6       4%          1
b - Mercury Vapours       Alch/Air       26%        N/A       8%          2
c - Mephitic Cloud        Conj/Alch/Air  11%        N/A       19%         3

Your spell library contained the following spells:

 Spells                   Type           Power      Damage    Failure   Level
 Olgreb's Toxic Radiance  Alch           18%        N/A       26%         4
 Sticky Flame             Fire/Alch      10%        2d5       54%         4


Dungeon Overview and Level Annotations

Branches:
Dungeon (3/15)

Altars:

Annotations:
D:2 Ijyb


Innate Abilities, Weirdness & Mutations

You cannot wear most types of armour.
You are amphibious.
You can wear up to eight rings at the same time.
Your skin changes colour to match your surroundings (Stealth+).
Your rubbery body absorbs attacks. (AC +1, EV +1)
((You are camouflaged when in or above water. (Stealth+)))
You have tentacles for arms and can constrict up to eight enemies at once.


Message History

There is a stone staircase leading down here.
Unknown command.
Unknown command.
Unknown command.
You hit the orc but do no damage.
You feel less confused. Ijyb hits you but does no damage. The orc misses you.
The orc hits you with a +2 short sword of venom.
You hit the orc but do no damage. Your grab misses the orc.
Ijyb barely misses you. The orc barely misses you.
The orc hits you with a +2 short sword of venom.
You are poisoned.
You hit the orc but do no damage. You grab the orc. You squeeze the orc.
The orc is severely wounded.
You constrict the orc.
You kill the orc!
You feel sick. Ijyb hits you but does no damage.
The orc hits you with a +2 short sword of venom!
You are more poisoned.
It was a potion of enlightenment.
You feel very buoyant.
You fly up into the air.
You feel very sick. Ijyb hits you with a +0 dagger.
The orc hits you with a +2 short sword of venom.
* * * LOW HITPOINT WARNING * * *
Unknown command.
You hit Ijyb but do no damage. Your grab misses Ijyb. Your squeeze misses Ijyb.
* * * LOW HITPOINT WARNING * * *
You feel very sick. Ijyb barely misses you.
The orc hits you with a +2 short sword of venom.
* * * LOW HITPOINT WARNING * * *
You are more poisoned.
Unknown command.
Unknown command.
You closely miss Ijyb. You grab Ijyb. You squeeze Ijyb!
Ijyb is moderately wounded.
You constrict Ijyb.
You die...

#.# #....#.# #.......... #.#
#######....#.# #..#..##... #.#
#..........#.# #.....###.# #.#
#..........#.# ##.#....... #.#
#..รท.......#.# #.#..(##.# #.#
#..........#.#####.#....... #.#
#..........+............... #.#
#.........g#.#####.#....#.# #.#
#.........@)............#.# #.#
#..........o.###........... #.#
#......#.....# #.#.###..#.# #.#
########.....###.#.# #..#.# #.#
#.....#.#.#.# #..... #.#
######....#.#.#.###..##. #.#
#.......###.#.#.##....#.
##.######......># #.#.#.##....#.
#.......'.......###.#.#.........


You could see Ijyb and an orc.

Vanquished Creatures
  Jessica (D:3)
  2 adders (D:2)
  A dart slug (D:1)
  An orc (D:2)
  A bat (D:2)
  6 endoplasms
  6 goblins
  2 hobgoblins (D:1)
  2 quokkas (D:2)
  6 ball pythons
  3 frilled lizards
  4 kobolds
  6 rats
41 creatures vanquished.

Notes
Turn   | Place    | Note
-------+----------+-------------------------------------------
     0 | D:1      | Aldia the Octopode Alchemist began the quest for the Orb.
     0 | D:1      | Reached XP level 1. HP: 11/11 MP: 3/3
   123 | D:1      | Reached XP level 2. HP: 13/17 MP: 0/5
   409 | D:1      | Learned a level 2 spell: Mercury Vapours
   731 | D:1      | Found a faded altar of an unknown god.
   918 | D:2      | Reached skill level 4 in Alchemy
   918 | D:2      | Reached XP level 3. HP: 22/22 MP: 6/6
   922 | D:2      | Learned a level 3 spell: Mephitic Cloud
  1088 | D:2      | Reached skill level 1 in Air Magic
  1321 | D:2      | Reached skill level 1 in Fighting
  1695 | D:3      | Noticed Jessica
  1700 | D:3      | Reached XP level 4. HP: 28/28 MP: 7/7
  1702 | D:3      | Killed Jessica
  1810 | D:3      | Noticed Ijyb
  1822 | D:2      | Succumbed to an orc's poison

Illustrated notes

Levels and vault maps discovered:
D:1:      evilmike_arrival_plus, layout_basic, chequers_ecumenical_altar_grove,
          roderic_filled_cross, minmay_fountain_box, nrook_uturn
D:2:      layout_basic
D:3:      layout_rooms, mainiacjoe_overflow_surrounded_room,
          amcnicky_mini_pool_small, minmay_distorted, uniq_crazy_yiuf_cottage,
          uniq_robin, uniq_ijyb, uniq_jessica

Skill      XL: |  1  2  3 |
---------------+----------+-----
Stealth        | 3 |  3.0
Alchemy        | 4 |  4.3
Air Magic      | 1 |  1.3
Fighting       | 1 |  1.2
Dodging        | |  2.0
Spellcasting   | |  2.6
Conjurations   | |  1.3

Action                     |  1- 3 |  4- 6 || total
---------------------------+-------+-------++-------
  Melee: Unarmed           |     6 |       ||     6
         Tentacles         |     9 |     3 ||    12
         Dagger            |    39 |    13 ||    52
         Constrict         |    13 |     6 ||    19
   Cast: Sting             |    18 |       ||    18
         Mercury Vapours   |       |     1 ||     1
    Use: Scroll            |       |     1 ||     1
         Potion            |       |     1 ||     1
   Stab: Sleeping          |    10 |       ||    10
 Armour: Skin              |    12 |    23 ||    35
  Dodge: Dodged            |    19 |    10 ||    29

Table legend: (Time is in decaauts)
 A = Elapsed time spent in this place.
 B = Non-inter-level travel time spent in this place.
 C = Inter-level travel time spent in this place.
 D = Time resting spent in this place.
 E = Time spent auto-exploring this place.
 F = Levels seen in this place.
 G = Mean time per level.
                   A        B        C        D        E       F      G
               +--------+--------+--------+--------+--------+-----+--------+
         Total |   1826 |   1726 |    100 |      0 |   1428 |   3 |  608.7 |
       Dungeon |   1826 |   1726 |    100 |      0 |   1428 |   3 |  608.7 |
               +--------+--------+--------+--------+--------+-----+--------+

Top non-repeatable levels by time:
     D:1: 873 daAuts
     D:2: 851 daAuts
     D:3: 102 daAuts
